 Dungeon Crawl Stone Soup version 0.18-a0-1293-g5a2c81a (webtiles) character file.

170 Tomstefer the Firebug (level 5, 0/42 HPs)
             Began as a Gargoyle Fire Elementalist on Feb 10, 2016.
             Slain by a wight
             ... wielding a +0 scimitar
              (6 damage)
             ... on level 3 of the Dungeon.
             The game lasted 00:09:36 (3417 turns).

Tomstefer the Firebug (Gargoyle Fire Elementalist)  Turns: 3417, Time: 00:09:36

Health: 0/42       AC: 22    Str: 12    XL:     5   Next: 51%
Magic:  0/10       EV:  2    Int: 16    God:
Gold:   111        SH:  0    Dex: 10    Spells: 2 memorised, 7 levels left

rFire  . . .     SeeInvis .     f - +0 whip
rCold  . . .     Gourm    .     (armour currently unavailable)
rNeg   + + +     Faith    .     (no shield)
rPois  ∞         Spirit   .     (helmet currently unavailable)
rElec  .         Dismiss  .     (cloak currently unavailable)
rCorr  .         Reflect  .     (gloves currently unavailable)
SustAt .         Harm     .     (boots currently unavailable)
MR     .....     NoTele   +     (no amulet)
Stlth  +.........               (no ring)
                                d - ring of loudness (curse)

@: tree-form, very slightly contaminated, not resistant to hostile enchantments,
very unstealthy
A: negative energy resistance 1, (electricity resistance), (unbreathing),
petrification resistance, rot immunity, AC +4
a: no special abilities


You were on level 3 of the Dungeon.
You were hungry.
You were a tree.
You visited 1 branch of the dungeon, and saw 4 of its levels.

You collected 111 gold pieces.

Inventory:

Hand Weapons
 f - a +0 whip (weapon)
Armour
 a - a +0 robe (melded)
Jewellery
 d - a cursed ring of loudness (left branch)
Scrolls
 g - 2 scrolls of remove curse {unknown}
 k - 2 scrolls of noise {unknown}
 m - 2 scrolls of amnesia {unknown}
 p - a scroll of identify {unknown}
 q - a scroll of random uselessness {unknown}
Potions
 e - a potion of agility {unknown}
 h - 3 potions of lignification
 j - 2 potions of haste {unknown}
 l - 2 potions of heal wounds {unknown}
 o - a potion of cure mutation {unknown}
Books
 b - a book of Flames

   Spells                             Type                      Level
   a - Flame Tongue                   Conjuration/Fire             1
   b - Throw Flame                    Conjuration/Fire             2
   c - Conjure Flame                  Conjuration/Fire             3
   d - Inner Flame                    Hexes/Fire                   3
   e - Sticky Flame                   Conjuration/Fire             4
   f - Fireball                       Conjuration/Fire             5
Comestibles
 c - 2 bread rations
 i - 4 chunks of flesh
 n - a meat ration
 r - a beef jerky


   Skills:
 - Level 1.7 Dodging
 - Level 2.1 Stealth
 * Level 3.7 Spellcasting
 + Level 2.8 Conjurations
 - Level 4.0 Fire Magic


You had 7 spell levels left.
You knew the following spells:

 Your Spells              Type           Power        Failure   Level  Hunger
a - Flame Tongue          Conj/Fire      ##...        6%          1    None
b - Conjure Flame         Conj/Fire      ##......     14%         3    ###....


Dungeon Overview and Level Annotations

Branches:
Dungeon (4/15)
 Temple: D:4-7

Altars:
Ashenzari
Elyvilon
Ru
The Shining One


Innate Abilities, Weirdness & Mutations

You are resistant to torment.
((Your stone body is resilient (AC +4).))
You are immune to poison.
You resist negative energy.
((You are resistant to electric shocks.))
((You can survive without breathing.))
You are immune to petrification.
You are immune to rotting.


Message History

You climb upwards.
A wight comes into view. It is wielding a scimitar.
There is a stone staircase leading down here.
Unknown command.
It was a potion of lignification.
You turn into a tree.
Your +0 robe melds into your body.
Your roots penetrate the ground.
The worker ant bites you but does no damage.
The worker ant bites you but does no damage.
The worker ant bites you but does no damage.
The wight hits you but does no damage.
Casting: Flame Tongue
Confirm with . or Enter, or press ? or * to list all spells.
Aiming: Flame Tongue
Press: ? - help, Shift-Dir - straight line, f - worker ant
Aim: a worker ant The flame tongue hits the worker ant.
The worker ant is severely wounded.
The worker ant bites you but does no damage.
The wight hits you with a scimitar.
You die...

.....##.....##........#..##......
.....#.......#####....##.##......
.....#..._...# ####.##....##'##
.....#.......# #.###.###...#
.....##.....## #.# #.##..†..
......##...##########.###.#......
#......#####..............#......
#...............a....####.#......
#...............♣z...# #.##.....
#....................####..##...#
#............#..............#####
#............#........####.......
#.........##.+..............#####
.........###.#........##.........
.........# #.####.....##.....###.
.........# #.#..+.....##.....#<#.
.........# #.#.##.....##.....#...


You could see a worker ant and a wight.

Vanquished Creatures
  An orc wizard (D:3)
  A worker ant (D:4)
  4 adders
  2 worms
  2 giant geckos (D:3)
  8 orcs
  2 ball pythons (D:2)
  7 bats
  5 giant cockroaches
  4 goblins
  5 hobgoblins
  2 jackals (D:3)
  A quokka (D:3)
  5 giant newts
  8 kobolds
  9 rats
66 creatures vanquished.

Notes
Turn   | Place    | Note
--------------------------------------------------------------
     0 | D:1      | Tomstefer the Gargoyle Fire Elementalist began the quest for the Orb.
     0 | D:1      | Reached XP level 1. HP: 10/10 MP: 3/3
   442 | D:1      | Reached XP level 2. HP: 15/15 MP: 0/5
   985 | D:1      | Reached skill level 4 in Fire Magic
   985 | D:1      | Reached XP level 3. HP: 8/19 MP: 0/6
  1385 | D:2      | Found a white marble altar of Elyvilon.
  1680 | D:2      | Learned a level 3 spell: Conjure Flame
  1714 | D:2      | Reached XP level 4. HP: 24/24 MP: 2/8
  2271 | D:3      | Found a glowing golden altar of the Shining One.
  2292 | D:3      | Found a shattered altar of Ashenzari.
  2372 | D:3      | Found a sacrificial altar of Ru.
  2672 | D:3      | Reached XP level 5. HP: 28/28 MP: 5/9
  3417 | D:3      | Slain by a wight

Vault maps used:
D:1:      onia_arrival_pyramid
D:2:      old_standard_altar, minmay_misc_feat_plants
D:3:      kennysheep_six_static_rooms, nicolae_overflow_crystal_walls,
          lemuel_round_altar, ashenzari_altar_1, first_bread,
          minmay_misc_feat_ornament
D:4:      nicolae_qazlal_style_of_elements, marbit_many_paths, serial_shops,
          nicolae_shop_window_shopping, chequers_ossuary_entry_cave,
          uniq_sigmund

Action                   |  1- 3 |  4- 6 || total
-------------------------+-------+-------++-------
Melee: Short sword       |    19 |       ||    19
       Whip              |     3 |    27 ||    30
 Cast: Flame Tongue      |    59 |    63 ||   122
       Conjure Flame     |       |     3 ||     3
  Use: Scroll            |     1 |       ||     1
       Potion            |       |     1 ||     1
  Eat: Chunk             |     3 |     4 ||     7
       Beef jerky        |       |     1 ||     1
